NTL
WATERTOWN BUCKS @ ST. CLOUD ROX
06/03/1982
 
TOP OF THE 1ST
Watertown Bucks batting - Pitching for St. Cloud Rox : RHP Doug Potestio
Pitching: RHP Doug Potestio
Batting: SHB Luis Rivera 0-0: Called Strike
0-1: Called Strike
0-2: Foul Ball, location: 2F
0-2: Foul Ball, location: 2F
0-2: Ball
1-2: Ball
2-2: Strikes out swinging
Batting: RHB Robert Tanzi 0-0: Foul Ball, location: 2F
0-1: Ball
1-1: Called Strike
1-2: Ground out 6-3 (Groundball, 6MD, EV 78.8 MPH)
Batting: LHB Bryan Neal 0-0: Called Strike
0-1: Ball
1-1: Ball
2-1: Called Strike
2-2: Foul Ball, location: 2F
2-2: Ball
3-2: Strikes out swinging
Top of the 1st over - 0 runs, 0 hits, 0 errors, 0 left on base; Watertown 0 - St. Cloud 0
BOTTOM OF THE 1ST
St. Cloud Rox batting - Pitching for Watertown Bucks : RHP Jack Littrell
Pitching: RHP Jack Littrell
Batting: LHB Doran Perdue 0-0: Ball
1-0: Ball
2-0: Foul Ball, location: 2F
2-1: Ball
3-1: Base on Balls
Batting: SHB George Mitchell 0-0: Ball
1-0: Swinging Strike
1-1: SINGLE (Groundball, 34S, EV 72.5 MPH) (infield hit)
Doran Perdue to second
Batting: SHB R J Reynolds 0-0: Ball
1-0: Swinging Strike
1-1: Ball
2-1: Ground out 3-1 (Groundball, 3S, EV 70.0 MPH)
Doran Perdue to third
George Mitchell to second
Batting: LHB Tim Flannery 0-0: Ball
1-0: Ball
2-0: SINGLE (Line Drive, 4M, EV 94.4 MPH)
Doran Perdue scores
George Mitchell to third
Runner from 3rd tries for Home, SAFE, throw by CF to home
Tim Flannery to second
Batting: LHB Curtis Morgan 0-0: Fly out, F8 (Line Drive, 8RD, EV 97.5 MPH)
Batting: RHB Domingos Maravilhas 0-0: Ball
1-0: Foul Ball, location: 2F
1-1: Ball
2-1: Foul Ball, location: 2F
2-2: Foul Ball, location: 2F
2-2: DOUBLE (Flyball, 89D, EV 105.6 MPH)
Tim Flannery scores
Batting: SHB Manny Galvez 0-0: Ball
1-0: Foul Ball, location: 2F
1-1: Ball
2-1: Swinging Strike
2-2: Ball
3-2: Foul Ball, location: 2F
3-2: Foul Ball, location: 2F
3-2: Foul Ball, location: 2F
3-2: Ground out 5-3 (Groundball, 56, EV 83.8 MPH)
Bottom of the 1st over - 3 runs, 3 hits, 0 errors, 1 left on base; Watertown 0 - St. Cloud 3
TOP OF THE 2ND
Watertown Bucks batting - Pitching for St. Cloud Rox : RHP Doug Potestio
Batting: RHB Richard Plautz 0-0: Ball
1-0: Ball
2-0: Ground out 6-3 (Groundball, 6S, EV 91.9 MPH)
Batting: LHB Greg Guin 0-0: Called Strike
0-1: Foul Ball, location: 2F
0-2: Foul Ball, location: 2F
0-2: Ball
1-2: Ground out 5-3 (Groundball, 56, EV 80.0 MPH)
Batting: RHB Eugene Cattane 0-0: Ball
1-0: Ground out 6-3 (Groundball, 56, EV 89.4 MPH)
Top of the 2nd over - 0 runs, 0 hits, 0 errors, 0 left on base; Watertown 0 - St. Cloud 3
BOTTOM OF THE 2ND
St. Cloud Rox batting - Pitching for Watertown Bucks : RHP Jack Littrell
Batting: RHB Butch Benton 0-0: Called Strike
0-1: Foul Ball, location: 2F
0-2: Fly out, F7 (Line Drive, 7, EV 92.5 MPH)
Batting: RHB Jack Hudson 0-0: Called Strike
0-1: Ball
1-1: Fly out, F6 (Flyball, 56D, EV 93.1 MPH)
Batting: LHB Doran Perdue 0-0: Ball
1-0: Swinging Strike
1-1: Foul Ball, location: 2F
1-2: Foul Ball, location: 2F
1-2: Ball
2-2: Ball
3-2: SINGLE (Line Drive, 8LS, EV 88.1 MPH)
Batting: SHB George Mitchell 0-0: Ball
Doran Perdue is caught stealing 2nd base 2-6
Bottom of the 2nd over - 0 runs, 1 hit, 0 errors, 0 left on base; Watertown 0 - St. Cloud 3
TOP OF THE 3RD
Watertown Bucks batting - Pitching for St. Cloud Rox : RHP Doug Potestio
Batting: RHB Sebastiano Borriello 0-0: Ball
1-0: Called Strike
1-1: Swinging Strike
1-2: Foul Ball, location: 2F
1-2: Ball
2-2: Strikes out looking
Batting: SHB Bruce Hines 0-0: Ball
1-0: Foul Ball, location: 2F
1-1: Ground out 2-3 (Groundball, 15S, EV 56.9 MPH)
Batting: LHB Carl Spikes 0-0: Ball
1-0: Ball
2-0: Fly out, F9 (Flyball, 9S, EV 96.3 MPH)
Top of the 3rd over - 0 runs, 0 hits, 0 errors, 0 left on base; Watertown 0 - St. Cloud 3
BOTTOM OF THE 3RD
St. Cloud Rox batting - Pitching for Watertown Bucks : RHP Jack Littrell
Batting: SHB George Mitchell 0-0: Ball
1-0: Ground out 5-3 (Groundball, 5, EV 105.6 MPH)
Batting: SHB R J Reynolds 0-0: Ball
1-0: Swinging Strike
1-1: SINGLE (Line Drive, 7S, EV 100.0 MPH)
Batting: LHB Tim Flannery 0-0: Ball
1-0: Ball
2-0: Foul Ball, location: 2F
2-1: Foul Ball, location: 2F
2-2: Ball
3-2: Foul Ball, location: 2F
3-2: Foul Ball, location: 2F
3-2: Fly out, F8 (Flyball, 89M, EV 83.1 MPH)
Batting: LHB Curtis Morgan 0-0: Ball
1-0: Foul Ball, location: 2F
1-1: Ground out 4-3 (Groundball, 4, EV 86.9 MPH)
Bottom of the 3rd over - 0 runs, 1 hit, 0 errors, 1 left on base; Watertown 0 - St. Cloud 3
TOP OF THE 4TH
Watertown Bucks batting - Pitching for St. Cloud Rox : RHP Doug Potestio
Batting: SHB Luis Rivera 0-0: Ball
1-0: Foul Ball, location: 2F
1-1: Ball
2-1: Swinging Strike
2-2: Ground out 4-3 (Groundball, 4, EV 88.1 MPH)
Batting: RHB Robert Tanzi 0-0: Called Strike
0-1: Ball
1-1: Fly out, F9 (Flyball, 89M, EV 83.8 MPH)
Batting: LHB Bryan Neal 0-0: Called Strike
0-1: Fly out, F7 (Flyball, 7LD, EV 90.6 MPH)
Top of the 4th over - 0 runs, 0 hits, 0 errors, 0 left on base; Watertown 0 - St. Cloud 3
BOTTOM OF THE 4TH
St. Cloud Rox batting - Pitching for Watertown Bucks : RHP Jack Littrell
Batting: RHB Domingos Maravilhas 0-0: Swinging Strike
0-1: Ball
1-1: Ball
2-1: Ball
3-1: Base on Balls
Batting: SHB Manny Galvez 0-0: Fielders Choice at 2nd, 4-6 (Groundball, 4, EV 105.0 MPH)
Batting: RHB Butch Benton 0-0: Ball
1-0: Called Strike
1-1: Ball
2-1: Foul Ball, location: 2F
2-2: Strikes out swinging
Batting: RHB Jack Hudson 0-0: Called Strike
0-1: Called Strike
0-2: Ball
1-2: Ball
Manny Galvez is caught stealing 2nd base 2-4
Bottom of the 4th over - 0 runs, 0 hits, 0 errors, 0 left on base; Watertown 0 - St. Cloud 3
TOP OF THE 5TH
Watertown Bucks batting - Pitching for St. Cloud Rox : RHP Doug Potestio
Batting: RHB Richard Plautz 0-0: Ball
1-0: Ball
2-0: Swinging Strike
2-1: Ball
3-1: Called Strike
3-2: Foul Ball, location: 2F
3-2: Strikes out swinging
Batting: LHB Greg Guin 0-0: Ball
1-0: Ball
2-0: Called Strike
2-1: Reached on error, E4 (Groundball, 4, EV 80.0 MPH)
Batting: RHB Eugene Cattane 0-0: Ball
1-0: Ball
2-0: SINGLE (Groundball, 6D, EV 106.9 MPH)
Greg Guin to second
Batting: RHB Sebastiano Borriello 0-0: Called Strike
0-1: Ball
1-1: Fly out, F9 (Flyball, 89M, EV 93.8 MPH)
Batting: SHB Bruce Hines 0-0: Ball
1-0: SINGLE (Groundball, 6MD, EV 101.9 MPH)
Greg Guin to third
Eugene Cattane to second
Runner from 3rd tries for Home, SAFE, throw by CF to home
Eugene Cattane to third
Bruce Hines to second
Batting: LHB Carl Spikes 0-0: Ground out 1-3 (Groundball, 15S, EV 70.6 MPH)
Top of the 5th over - 1 run, 2 hits, 1 error, 2 left on base; Watertown 1 - St. Cloud 3
BOTTOM OF THE 5TH
St. Cloud Rox batting - Pitching for Watertown Bucks : RHP Jack Littrell
Batting: RHB Jack Hudson 0-0: Ball
1-0: DOUBLE (Flyball, 8LD, EV 108.8 MPH)
Batting: LHB Doran Perdue 0-0: Intentional Walk
Batting: SHB George Mitchell 0-0: Called Strike
0-1: Ball
1-1: Ball
2-1: Bunt missed!
2-2: Fielders Choice at 2nd, 6-4 (Groundball, 6, EV 83.1 MPH)
Jack Hudson to third
Batting: SHB R J Reynolds 0-0: Called Strike
0-1: Ball
1-1: Foul Ball, location: 2F
1-2: Fly out, F9 (Line Drive, 9, EV 90.6 MPH)
Runner from 3rd tags up, OUT at HOME! 9-2
Bottom of the 5th over - 0 runs, 1 hit, 0 errors, 1 left on base; Watertown 1 - St. Cloud 3
TOP OF THE 6TH
Watertown Bucks batting - Pitching for St. Cloud Rox : RHP Doug Potestio
Batting: SHB Luis Rivera 0-0: Ball
1-0: Swinging Strike
1-1: Ground out 4-3 (Groundball, 4, EV 100.0 MPH)
Batting: RHB Robert Tanzi 0-0: Ball
1-0: Ball
2-0: Called Strike
2-1: Ball
3-1: Swinging Strike
3-2: Strikes out looking
Batting: LHB Bryan Neal 0-0: Called Strike
0-1: Ball
1-1: Called Strike
1-2: Ball
2-2: Ball
3-2: Foul Ball, location: 2F
3-2: Base on Balls
Batting: RHB Richard Plautz 0-0: Ball
1-0: Called Strike
1-1: Fly out, F9 (Flyball, 9S, EV 83.1 MPH)
Top of the 6th over - 0 runs, 0 hits, 0 errors, 1 left on base; Watertown 1 - St. Cloud 3
BOTTOM OF THE 6TH
St. Cloud Rox batting - Pitching for Watertown Bucks : RHP Jack Littrell
Batting: LHB Tim Flannery 0-0: Ball
1-0: Foul Ball, location: 2F
1-1: Called Strike
1-2: Ball
2-2: Foul Ball, location: 2F
2-2: SINGLE (Flyball, 34D, EV 87.5 MPH)
Batting: LHB Curtis Morgan 0-0: Ball
1-0: Fielders Choice at 2nd, 3-6 (Groundball, 3, EV 86.9 MPH)
Batting: RHB Domingos Maravilhas 0-0: Called Strike
0-1: Ground out 6-3 (Groundball, 6, EV 93.1 MPH)
Curtis Morgan to second
Batting: SHB Manny Galvez 0-0: Ball
1-0: Ball
2-0: Called Strike
2-1: Fly out, F8 (Flyball, 8RD, EV 102.5 MPH)
Bottom of the 6th over - 0 runs, 1 hit, 0 errors, 1 left on base; Watertown 1 - St. Cloud 3
TOP OF THE 7TH
Watertown Bucks batting - Pitching for St. Cloud Rox : RHP Doug Potestio
Batting: LHB Greg Guin 0-0: Ball
1-0: Ball
2-0: Called Strike
2-1: Foul Ball, location: 2F
2-2: DOUBLE (Flyball, 78D, EV 98.1 MPH)
Batting: RHB Eugene Cattane 0-0: Fly out, F7 (Flyball, 7S, EV 88.8 MPH)
Batting: RHB Sebastiano Borriello 0-0: Swinging Strike
0-1: Foul Ball, location: 2F
0-2: Ball
1-2: Ball
2-2: Foul Ball, location: 2F
2-2: SINGLE (Line Drive, 4D, EV 98.8 MPH)
Greg Guin to third
Runner from 3rd tries for Home, SAFE, throw by CF to home
Pitching: LHP Gibson Alba
Batting: SHB Bruce Hines Pickoff Throw to First - Out! 1-3
0-0: Foul Ball, location: 2F
0-1: Ball
1-1: Swinging Strike
1-2: Ball
2-2: SINGLE (Flyball, 8LS, EV 93.8 MPH)
Pinch Hitting: RHB Bob Volk 0-0: Ball
1-0: SINGLE (Flyball, 78D, EV 108.1 MPH)
Bruce Hines to second
Runner from 2nd tries for 3rd, SAFE, no throw by CF
Pinch Hitting: LHB Manuel Vigil 0-0: Called Strike
0-1: Ball
1-1: Foul Ball, location: 2F
1-2: Fly out, F8 (Flyball, 8RM, EV 85.0 MPH)
Top of the 7th over - 1 run, 4 hits, 0 errors, 2 left on base; Watertown 2 - St. Cloud 3
BOTTOM OF THE 7TH
St. Cloud Rox batting - Pitching for Watertown Bucks : RHP Jack Littrell
Now at SS: Marvin Clack
Now in CF: Manuel Vigil
Batting: RHB Butch Benton 0-0: Called Strike
0-1: Fly out, F8 (Flyball, 78XD, EV 95.6 MPH)
Batting: RHB Jack Hudson 0-0: Foul Ball, location: 2F
0-1: Ball
1-1: Ground out 5-3 (Groundball, 56S, EV 80.6 MPH)
Batting: LHB Doran Perdue 0-0: Ball
1-0: Called Strike
1-1: Ball
2-1: Ground out 5-3 (Groundball, 56, EV 77.5 MPH)
Bottom of the 7th over - 0 runs, 0 hits, 0 errors, 0 left on base; Watertown 2 - St. Cloud 3
TOP OF THE 8TH
Watertown Bucks batting - Pitching for St. Cloud Rox : LHP Gibson Alba
Batting: RHB Robert Tanzi 0-0: Ball
1-0: Foul Ball, location: 2F
1-1: Ball
2-1: Called Strike
2-2: SINGLE (Line Drive, 7S, EV 112.5 MPH)
Pitching: RHP Lawrence Crews
Batting: LHB Bryan Neal 0-0: Ball
1-0: SINGLE (Line Drive, 56D, EV 97.5 MPH)
Robert Tanzi to second
Batting: RHB Richard Plautz 0-0: Ball
1-0: Fly out, F8 (Flyball, 89D, EV 111.9 MPH)
Runner from 2nd tags up, SAFE at 3rd, no throw by CF
Batting: LHB Greg Guin 0-0: Grounds into double play, 6-4-3 (Groundball, 6, EV 108.1 MPH)
Top of the 8th over - 0 runs, 2 hits, 0 errors, 1 left on base; Watertown 2 - St. Cloud 3
BOTTOM OF THE 8TH
St. Cloud Rox batting - Pitching for Watertown Bucks : RHP Jack Littrell
Batting: SHB George Mitchell 0-0: Ball
1-0: Fly out, F6 (Popup, 6M, EV 60.6 MPH)
Pitching: RHP Michael Beecroft
Batting: SHB R J Reynolds 0-0: Ball
1-0: Ball
2-0: Called Strike
2-1: Swinging Strike
2-2: Strikes out swinging
Batting: LHB Tim Flannery 0-0: Ball
1-0: Ball
2-0: Called Strike
2-1: Ball
3-1: Base on Balls
Batting: LHB Curtis Morgan 0-0: Ball
1-0: Called Strike
1-1: Ball
2-1: Ball
3-1: Base on Balls
Tim Flannery to second
Batting: RHB Domingos Maravilhas 0-0: Ball
1-0: SINGLE (Flyball, 8LS, EV 98.1 MPH)
Tim Flannery to third
Curtis Morgan to second
Runner from 3rd tries for Home, SAFE, throw by CF to home
Batting: SHB Manny Galvez 0-0: Ball
1-0: Ground out 5-3 (Groundball, 56S, EV 90.0 MPH)
Bottom of the 8th over - 1 run, 1 hit, 0 errors, 2 left on base; Watertown 2 - St. Cloud 4
TOP OF THE 9TH
Watertown Bucks batting - Pitching for St. Cloud Rox : RHP Lawrence Crews
Pitching: RHP Mitch Zwolensky
Batting: RHB Eugene Cattane 0-0: Fly out, F7 (Flyball, 7S, EV 84.4 MPH)
Batting: RHB Sebastiano Borriello 0-0: Ball
1-0: Ball
2-0: Called Strike
2-1: Ball
3-1: Swinging Strike
3-2: Base on Balls
Batting: SHB Bruce Hines 0-0: Called Strike
0-1: Ball
1-1: Foul Ball, location: 2F
1-2: Ball
2-2: SINGLE (Groundball, 4MD, EV 110.0 MPH)
Sebastiano Borriello to second
Pinch Hitting: RHB Randy Hunt 0-0: Fly out, F9 (Flyball, 9LS, EV 85.0 MPH)
Batting: LHB Manuel Vigil 0-0: Ball
1-0: SINGLE (Line Drive, 7LS, EV 108.1 MPH)
Sebastiano Borriello to third
Bruce Hines to second
Batting: RHB Robert Tanzi 0-0: Called Strike
0-1: Ball
1-1: Called Strike
1-2: Ball
2-2: Ground out 6-3 (Groundball, P, EV 91.3 MPH)
Top of the 9th over - 0 runs, 2 hits, 0 errors, 3 left on base; Watertown 2 - St. Cloud 4
Wednesday, August 5th, 2020 - OOTP Baseball 21.5 Build 76